 Dungeon Crawl Stone Soup version 0.31-a0-1074-g0b22e4e0f1 (webtiles) character file.

Game seed: 5248179851751674085

1797769 Forgeling the Sorcerer (level 27, 224/224 HPs)
             Began as a Barachi Wanderer on Nov 30, 2023.
             Was the Champion of Cheibriados.
             Escaped with the Orb
             ... and 3 runes on Dec 1, 2023!
             The game lasted 03:25:46 (62651 turns).

Forgeling the Sorcerer (Barachi Wanderer)          Turns: 62651, Time: 03:25:46

Health: 224/224    AC: 33    Str: 41    XL:     27
Magic:  48/48      EV: 37    Int: 45    God:    Cheibriados [******]
Gold:   4007       SH:  5    Dex: 39    Spells: 20/69 levels left

rFire   + . .        a - +7 longbow "Xaitomn" {freeze, Fragile rF++ Will+ rCorr}
rCold   + . .        (shield currently unavailable)
rNeg    + . .        t - +8 faerie dragon scales {rPois rF- rCorr Int+7}
rPois   +            b - +1 helmet {SInv}
rElec   +            O - +4 dragonskin cloak
rCorr   +            Z - +0 pair of gloves {Dex+3}
SInv    +            g - +2 pair of boots
Will    +++++        L - amulet "Pouxt" {Reflect rN+ Str+2 Int+3 SH+5}
Stlth   ++           w - ring of Hepliaklqana's Esteem {rElec Will+ EV+5 Str+3}
HPRegen 0.57/turn    q - ring "Dyolet" {rC+ Will+ Int+5 Dex+3 Stlth-}
MPRegen 0.31/turn

%: reflection
@: studying 4 skills, very slow
A: amphibious, slowness 1, strong legs 2, +LOS, strong 1, teleportitis 1,
inability to drink after injury 2, inability to read after injury 1
0: Orb of Zot
}: 3/15 runes: serpentine, barnacled, silver
a: Hop, Renounce Religion, Bend Time, Temporal Distortion, Slouch, Step From
Time


You escaped.
You worshipped Cheibriados.
Cheibriados was exalted by your worship.
You visited 11 branches of the dungeon, and saw 51 of its levels.
You visited 1 bazaar.
You also visited: Ossuary, Gauntlet, Volcano, Wizlab and Desolation.

You collected 9178 gold pieces.
You spent 5171 gold pieces at shops.

Inventory:

Hand Weapons
 a - the +7 longbow "Xaitomn" (weapon) {freeze, Fragile rF++ Will+ rCorr}
   (You acquired it on level 8 of the Dungeon)

   rF++:      It greatly protects you from fire.
   Will+:     It increases your willpower.
   rCorr:     It protects you from acid and corrosion.
   Fragile:   It will be destroyed if unequipped.
 n - the +27 heavy crossbow "Sniper" {heavy, Acc+∞ SInv}
   (You found it on level 4 of the Vaults)

   Acc+∞: It never misses its target.
   SInv:      It lets you see invisible.
Missiles
 u - 5 curare-tipped darts
Armour
 b - a +1 helmet of see invisible (worn)
 g - a +2 pair of boots (worn)
 t - the +8 faerie dragon scales (worn) {rPois rF- rCorr Int+7}
   (You took it off the Enchantress on level 2 of the Depths)

   Int+7:     It affects your intelligence (+7).
   rF-:       It makes you vulnerable to fire.
   rPois:     It protects you from poison rCorr: It protects you from acid and
   corrosion.
 O - the +4 dragonskin cloak (worn)
   (You took it off Tiamat on level 1 of the Realm of Zot)

   Avatar's Aegis: It grants the wearer a chance to resist fire, cold, poison,
   electricity, acid, and negative energy.
 Z - a +0 pair of gloves of dexterity (worn)
Jewellery
 f - the ring "Woatomm" {rF+ Str+6 Dex+7}
   (You found it on level 4 of the Dungeon)

   [ring of strength]

   Str+6:     It affects your strength (+6).
   Dex+7:     It affects your dexterity (+7).
   rF+:       It protects you from fire.
 j - the ring "Hagewivviu" {rPois rC- Int+7 Dex+2 SInv}
   (You found it on level 4 of the Realm of Zot)

   [ring of see invisible]

   Int+7:     It affects your intelligence (+7).
   Dex+2:     It affects your dexterity (+2).
   rC-:       It makes you vulnerable to cold.
   rPois:     It protects you from poison SInv: It lets you see invisible.
 k - the ring of Diemucus {Will+ rCorr Str+4}
   (You found it on level 3 of the Realm of Zot)

   [ring of willpower]

   Str+4:     It affects your strength (+4).
   Will+:     It increases your willpower.
   rCorr:     It protects you from acid and corrosion.
 l - the ring of Lucidity {Contam rPois rF++ rC+ Will-}
   (You found it in the Desolation of Salt)

   [ring of protection from cold]

   rF++:      It greatly protects you from fire.
   rC+:       It protects you from cold.
   rPois:     It protects you from poison Will-: It decreases your willpower.
   Contam:    It causes magical contamination when unequipped.
 q - the ring "Dyolet" (right hand) {rC+ Will+ Int+5 Dex+3 Stlth-}
   (You found it on level 8 of the Dungeon)

   [ring of protection from cold]

   Int+5:     It affects your intelligence (+5).
   Dex+3:     It affects your dexterity (+3).
   rC+:       It protects you from cold.
   Will+:     It increases your willpower.
   Stlth-:    It makes you less stealthy.
 w - the ring of Hepliaklqana's Esteem (left hand) {rElec Will+ EV+5 Str+3}
   (You found it in the Desolation of Salt)

   [ring of evasion]

   EV+5:      It affects your evasion (+5).
   Str+3:     It affects your strength (+3).
   rElec:     It insulates you from electricity.
   Will+:     It increases your willpower.
 L - the amulet "Pouxt" (around neck) {Reflect rN+ Str+2 Int+3 SH+5}
   (You found it on level 3 of the Vaults)

   [amulet of reflection]

   Reflect:   It reflects blocked missile attacks.
   Str+2:     It affects your strength (+2).
   Int+3:     It affects your intelligence (+3).
   rN+:       It protects you from negative energy.
   SH+5:      It affects your SH (+5).
Wands
 d - a wand of digging (12)
 e - a wand of paralysis (48)
 h - a wand of acid (35)
 i - a wand of roots (68)
 y - a wand of mindburst (51)
Scrolls
 o - 8 scrolls of amnesia
 p - 7 scrolls of enchant armour
 x - 11 scrolls of enchant weapon
 D - 7 scrolls of blinking
 E - 6 scrolls of fear
 F - 5 scrolls of fog
 H - 3 scrolls of brand weapon
 K - 11 scrolls of immolation
 P - 15 scrolls of poison
 S - 6 scrolls of summoning
 V - 8 scrolls of vulnerability
 X - 7 scrolls of revelation {@r4}
 Y - 24 scrolls of teleportation {@r3}
Potions
 A - 11 potions of attraction
 B - 6 potions of brilliance
 C - 3 potions of cancellation
 G - 2 potions of ambrosia
 I - 4 potions of invisibility
 J - 20 potions of curing {@q1}
 M - 10 potions of might
 N - 14 potions of heal wounds {@q2}
 Q - 6 potions of magic
 R - 3 potions of resistance
 U - 2 potions of mutation
 W - 9 potions of enlightenment
Miscellaneous
 m - a phantom mirror
 r - a phial of floods
 s - a tin of tremorstones (2/2)
 v - a lightning rod (4/4)
 z - a box of beasts


   Skills:
 - Level 20.0 Fighting
 - Level 20.0 Ranged Weapons
 - Level 18.0 Armour
 - Level 14.0 Dodging
 - Level 12.0 Stealth
 + Level 21.5 Spellcasting
 - Level 8.0 Conjurations
 - Level 10.0 Hexes
 - Level 14.0 Translocations
 - Level 10.0 Transmutations
 - Level 15.6 Ice Magic
 - Level 17.0 Air Magic
 - Level 18.9 Invocations
 - Level 13.0 Evocations


You had 20 spell levels left.
You knew the following spells:

 Your Spells              Type           Power      Damage    Failure   Level
a - Jinxbite              Hex            100%       N/A       0%          2
b - Dispersal             Tloc           54%        N/A       1%          6
c - Borgnjor's Vile Clut  Necr/Erth      24%        N/A       12%         5
f - Dimensional Bullseye  Hex/Tloc       51%        N/A       1%          4
g - Anguish               Hex/Necr       38%        N/A       1%          4
i - Yara's Violent Unrav  Hex/Tmut       47%        3d18      1%          5
n - Apportation           Tloc           100%       N/A       0%          1
q - Maxwell's Capacitive  Air            58%        ∞         2%          8
t - Ozocubu's Refrigerat  Ice            56%        4d19      1%          7
y - Irradiate             Conj/Tmut      46%        3d27      1%          5
B - Blink                 Tloc           100%       N/A       0%          2

Your spell library contained the following spells:

 Spells                   Type           Power      Damage    Failure   Level
 Freeze                   Ice            100%       1d10      0%          1
 Magic Dart               Conj           100%       1d8       0%          1
 Shock                    Conj/Air       100%       1d9       0%          1
 Slow                     Hex            100%       N/A       0%          1
 Ensorcelled Hibernation  Hex/Ice        100%       N/A       0%          2
 Lesser Beckoning         Tloc           100%       N/A       0%          2
 Momentum Strike          Conj/Tloc      100%       3d10      0%          2
 Wereblood                Tmut           95%        N/A       0%          2
 Frozen Ramparts          Ice            100%       1d16      0%          3
 Gell's Gravitas          Tloc           100%       N/A       0%          3
 Hailstorm                Conj/Ice       100%       3d20      0%          3
 Ozocubu's Armour         Ice            100%       N/A       0%          3
 Swiftness                Air            100%       N/A       0%          3
 Teleport Other           Tloc           100%       N/A       0%          3
 Manifold Assault         Tloc           100%       N/A       0%          4
 Passage of Golubria      Tloc           100%       N/A       0%          4
 Vhi's Electric Charge    Tloc/Air       100%       N/A       0%          4
 Foxfire                  Conj/Fire      100%       2x1d9     1%          1
 Necrotise                Necr           100%       1d9       1%          1
 Sandblast                Erth           96%        2d20      1%          1
 Sting                    Tmut/Pois      100%       1d8       1%          1
 Summon Small Mammal      Summ           100%       N/A       1%          1
 Call Imp                 Summ           96%        N/A       1%          2
 Passwall                 Tmut/Erth      63%        N/A       1%          2
 Poisonous Vapours        Pois/Air       100%       N/A       1%          2
 Searing Ray              Conj           100%       2d8       1%          2
 Sublimation of Blood     Necr           48%        N/A       1%          2
 Call Canine Familiar     Summ           48%        N/A       1%          3
 Confusing Touch          Hex            95%        N/A       1%          3
 Dazzling Flash           Conj/Hex       100%       N/A       1%          3
 Ignite Poison            Fire/Tmut/Pois 68%        N/A       1%          3
 Mephitic Cloud           Conj/Pois/Air  89%        N/A       1%          3
 Sigil of Binding         Hex            95%        N/A       1%          3
 Stone Arrow              Conj/Erth      100%       3d13      1%          3
 Summon Guardian Golem    Hex/Summ       76%        N/A       1%          3
 Tukima's Dance           Hex            95%        N/A       1%          3
 Vampiric Draining        Necr           48%        2d9       1%          3
 Volatile Blastmotes      Fire/Tloc      100%       2d18      1%          3
 Cause Fear               Hex            47%        N/A       1%          4
 Flame Wave               Conj/Fire      71%        2d16      1%          4
 Fulminant Prism          Conj/Hex       46%        3d20      1%          4
 Iskenderun's Mystic Bla  Conj/Tloc      99%        2d19      1%          4
 Leda's Liquefaction      Hex/Erth       38%        N/A       1%          4
 Petrify                  Tmut/Erth      76%        N/A       1%          4
 Sticky Flame             Conj/Fire      71%        2d8       1%          4
 Summon Ice Beast         Ice/Summ       87%        N/A       1%          4
 Summon Lightning Spire   Summ/Air       90%        N/A       1%          4
 Alistair's Intoxication  Tmut/Pois      50%        N/A       1%          5
 Iskenderun's Battlesphe  Conj           88%        2d14      1%          5
 Metabolic Englaciation   Hex/Ice        52%        N/A       1%          5
 Silence                  Hex/Air        53%        N/A       1%          5
 Summon Forest            Summ/Tloc      42%        N/A       1%          5
 Summon Mana Viper        Hex/Summ       76%        N/A       1%          5
 Conjure Ball Lightning   Conj/Air       51%        3x3d18    1%          6
 Plasma Beam              Fire/Air       45%        2x1d59    1%          6
 Fireball                 Conj/Fire      35%        3d15      2%          5
 Simulacrum               Ice/Necr       43%        N/A       2%          6
 Animate Armour           Summ/Erth      96%        N/A       4%          4
 Animate Dead             Necr           48%        N/A       4%          4
 Olgreb's Toxic Radiance  Pois           48%        N/A       4%          4
 Enfeeble                 Hex            47%        N/A       6%          7
 Eringya's Noxious Bog    Tmut/Pois      38%        4d6       9%          6
 Disjunction              Tloc           54%        N/A       9%          8
 Agony                    Necr           48%        N/A       12%         5
 Lee's Rapid Deconstruct  Erth           24%        3d13*     12%         5
 Bombard                  Conj/Erth      35%        9d6       12%         6
 Starburst                Conj/Fire      35%        6d10      12%         6
 Orb of Destruction       Conj           44%        9d12      13%         7
 Malign Gateway           Summ/Tloc      42%        N/A       21%         7
 Discord                  Hex            47%        N/A       41%         8
 Death Channel            Necr           24%        N/A       54%         6
 Summon Cactus Giant      Summ           24%        N/A       54%         6
 Spellforged Servitor     Conj/Summ      35%        N/A       56%         7
 Chain Lightning          Conj/Air       51%        3d68      94%         9
 Monstrous Menagerie      Summ           24%        N/A       98%         7
 Summon Hydra             Summ           24%        N/A       98%         7
 Lehudib's Crystal Spear  Conj/Erth      35%        10d9      99%         8
 Ignition                 Fire           24%        3d8       100%        8
 Summon Horrible Things   Summ           24%        N/A       100%        8
 Dragon's Call            Summ           24%        N/A       100%        9
 Fire Storm               Conj/Fire      35%        8d9       100%        9
 Shatter                  Erth           24%        3d21*     100%        9


Dungeon Overview and Level Annotations

Branches:
Dungeon (15/15)            Temple (1/1) D:6            Lair (5/5) D:11
 Shoals (4/4) Lair:2        Snake (4/4) Lair:2        Slime (0/5) Lair:4
    Orc (2/2) D:12            Elf (3/3) Orc:2        Vaults (5/5) D:14
  Crypt (3/3) Vaults:2       Tomb (0/3) Crypt:3      Depths (4/4) D:15
    Zot (5/5) Depths:4    Ossuary (visited)         Volcano (visited)
 WizLab (visited)         Desolation (visited)      Gauntlet (visited)

Altars:
Ashenzari
Cheibriados
Dithmenos
Elyvilon
Fedhas
Gozag
Hepliaklqana
Kikubaaqudgha
Makhleb
Nemelex Xobeh
Okawaru
Qazlal
Ru
Sif Muna
Trog
Uskayaw
Vehumet
Wu Jian
Xom
Yredelemnul
Zin
The Shining One
Jiyva

Shops:
D:7 *:   D:8 *   Orc:1 [=   Orc:2 [*!!   Elf:2 :   Shoals:1 *   Shoals:2 (
Vaults:1 (   Depths:3 (

Portals:
Hell: Depths:1 Depths:2 Depths:3 Depths:4
Abyss: Depths:1 Depths:3
Pandemonium: Depths:1 Depths:2 Depths:4
Ziggurat: Depths:3
Trove: D:12 (give +3 storm dragon scales)

Annotations:
Zot:3 2 transporters


Innate Abilities, Weirdness & Mutations

You are amphibious.
You cover ground slowly.
You can hop long distances.
You have an extended range of vision and can be seen from far away.
Your muscles are strong. (Str +4, Int/Dex -1)
You are occasionally teleported next to monsters.
You sometimes lose the ability to drink potions when taking damage.
You occasionally lose the ability to read scrolls when taking damage.


Message History

There is a stone staircase leading up here.
You climb upwards.
There is a stone staircase leading down here.
There is an escape hatch in the floor here.
There is a stone staircase leading up here.
You climb upwards.
There is a stone staircase leading down here.
A sun demon comes into view.
You shoot an arrow.
The arrow completely misses the sun demon.
You shoot an arrow. The arrow hits the sun demon.
The arrow freezes the sun demon.
The sun demon is lightly wounded.
You shoot an arrow. The arrow hits the sun demon!!
The arrow freezes the sun demon!!
The sun demon is almost dead.
You shoot an arrow. The arrow hits the sun demon!!
The arrow freezes the sun demon.
You kill the sun demon!
Cheibriados thoroughly appreciates the change of pace.
No target in view!
No target in view!
A balrug comes into view.
It is wielding a +1 demon whip of electrocution.
A hellion comes into view.
There is a stone staircase leading up here.
You climb upwards.
There is a stone staircase leading down here.
A toenail golem comes into view.
You shoot an arrow. The arrow hits the toenail golem!!!
The arrow freezes the toenail golem!
You destroy the toenail golem!
Cheibriados appreciates the change of pace.
No target in view!
No target in view!
Unknown command.
There is a stone staircase leading down here.
A cacodemon and 2 sixfirhies come into view.
A sixfirhy comes into view.
There is a staircase leading out of the dungeon here.
You have escaped!

# ♣PP...♣ #
♣♣.♣♣♣.♣ #
♣♣..PP♣.♣ #
♣♣♣....♣♣.♣ #
♣....⌠.P♣.♣ ##
♣.♣P..3.♣.♣ .#
♣.♣♣P♣....♣
.######♣.♣♣♣♣♣...♣
......'.3...2..3@♣
#######♣♣♣♣♣♣♣♣♣♣♣


You could see a cacodemon and 3 sixfirhies.

Vanquished Creatures
  Tiamat (Zot:1)
  8 dread liches
  3 ancient liches
  10 orbs of fire
  2 juggernauts (Depths:3)
  Sojobo (Vaults:2)
  6 Killer Klowns
  Margery (Vaults:2)
  Saint Roka (Elf:3)
  5 curse toes
  Vashnia (Snake:4)
  10 golden dragons
  Nikola (Snake:4)
  the Enchantress (Depths:2)
  A Tzitzimitl (Depths:2)
  The ghost of Bediveer the Severer, an adept DsFi of Makhleb (Vaults:2)
  A Brimstone Fiend (Depths:2)
  2 bone dragons (Depths:4)
  4 electric golems
  A Hell Sentinel (D:12)
  A pandemonium lord (Zot:2)
  29 Orb Guardians
  The ghost of Qeunemit the Warrior, an adept GrFi of Okawaru (Vaults:2)
  Rupert (Lair:4)
  16 tentacled monstrosities
  3 liches
  10 quicksilver dragons
  A shard shrike skeleton (Crypt:3)
  Asterion (Elf:3)
  2 deep elf master archers (Elf:3)
  4 titans
  The ghost of tbh1313 the Severer, an adept MiBe of Trog (Shoals:2)
  A quicksilver dragon (shapeshifter) (Vaults:5)
  A kraken (Shoals:2)
  A sphinx (shapeshifter) (Vaults:5)
  8 sphinxes
  3 deep elf blademasters
  3 Executioners
  16 shadow dragons
  3 ancient champions
  The ghost of Tainn the Hoplite, an adept MiFi of Okawaru (Shoals:2)
  A tentacled starspawn (WizLab)
  7 death cobs
  6 tengu reavers
  Kirke (Shoals:1)
  Donald (Snake:1)
  Aizul (Snake:1)
  4 draconian monks
  A fenstrider witch (Shoals:4)
  6 storm dragons
  Roxanne (Snake:1)
  5 nagarajas
  6 draconian knights
  16 fire giants
  A ghost moth (Zot:4)
  10 deep elf sorcerers
  A balrug (Zot:4)
  21 vault wardens
  3 revenants
  10 frost giants
  5 draconian scorchers
  2 iron dragons (Vaults:5)
  6 draconian shifters
  3 deep elf elementalists (Elf:3)
  3 cacodemons
  2 imperial myrmidons (Desolation)
  Louise (Shoals:1)
  A caustic shrike zombie (Crypt:2)
  3 curse skulls
  3 spriggan defenders (Depths:2)
  22 ironbound preservers
  4 draconian stormcallers
  5 draconian annihilators
  An orc warlord (Orc:2)
  10 war gargoyles
  2 juggernaut skeletons
  21 very ugly things
  18 stone giants
  3 demonspawn corrupters (WizLab)
  12 black draconians
  A formless jellyfish (Vaults:2)
  6 vampire knights
  16 green draconians
  7 dire elephants
  16 red draconians
  5 ironbound thunderhulks
  A minotaur (Gauntlet)
  10 purple draconians
  3 deep elf demonologists
  7 deep elf annihilators
  18 white draconians
  19 yellow draconians
  2 blizzard demons
  The ghost of wingedge the Reanimator, a journeyman DgEE (Lair:3)
  Snorg (D:11)
  5 merfolk javelineers
  15 ettins
  A green death (WizLab)
  6 crystal guardians
  3 deep elf death magi
  2 eidola
  16 fire dragons
  An entropy weaver (shapeshifter) (D:14)
  8 merfolk impalers
  9 jiangshi
  11 yaktaur captains
  8 deep elf high priests
  Josephine (D:10)
  8 ragged hierophants (Desolation)
  An entropy weaver (Vaults:2)
  5 ice dragons
  43 vault guards
  8 rakshasas
  14 peacekeepers
  3 servants of whispers (Desolation)
  Erolcha (D:11)
  8 great orbs of eyes
  2 salamander tyrants
  2 sphinx zombies (Crypt:1)
  4 hydras
  7 ironbound frosthearts
  3 spriggan air magi (Depths:2)
  Erica (D:11)
  2 death knights (Crypt:1)
  16 centaur warriors
  A fenstrider witch skeleton (Crypt:1)
  5 boulder beetles
  7 merfolk avatars
  8 anacondas
  15 naga warriors
  An Orb Guardian skeleton (Crypt:2)
  8 deep troll shamans
  2 catoblepae (Shoals:3)
  3 satyrs
  A hell hog (Gauntlet)
  7 two-headed ogres
  3 alligator snapping turtles (Shoals:4)
  3 death yaks (Lair:2)
  A merfolk aquamancer (WizLab)
  3 deep troll earth magi
  36 dancing weapons
  5 tengu warriors
  2 vampire magi
  9 spriggan berserkers
  5 occultists
  4 shock serpents
  12 hell knights
  18 naga sharpshooters
  A salamander mystic (Snake:4)
  11 deep elf knights
  An orc high priest (Orc:2)
  4 iron trolls
  2 shadow wraiths (Crypt:3)
  2 sun demons
  2 soul eaters
  6 skysharks
  3 sixfirhies
  16 skeletal warriors
  20 sea snakes
  11 flayed ghosts
  13 deep elf archers
  5 glowing orange brains
  56 deep trolls
  22 ironbound convokers
  A bunyip skeleton (Crypt:3)
  A glowing orange brain (shapeshifter) (Elf:3)
  11 lindwurms
  Pikel (D:6)
  An orange crystal statue (Depths:1)
  12 arcanists
  A shadow dragon zombie (Vaults:3)
  6 naga ritualists
  22 harpies
  2 anaconda skeletons
  8 necromancers
  An orb spider (shapeshifter) (Depths:3)
  12 phantasmal warriors
  An obsidian statue (Shoals:1)
  23 deep elf pyromancers
  27 deep elf zephyrmancers
  2 orc knights
  12 salamanders
  12 orc sorcerers
  4 oklob plants
  11 fauns
  31 ugly things
  Maurice (D:11)
  A shining eye (shapeshifter) (Vaults:5)
  8 mana vipers
  28 moths of wrath
  4 worldbinders (WizLab)
  6 large abominations
  8 cyclopes
  14 manticores
  25 elephants
  19 vault sentinels
  A toenail golem (D:1)
  10 guardian serpents
  39 black mambas
  A stone giant skeleton (Crypt:1)
  3 molten gargoyles
  11 merfolk sirens
  9 water nymphs
  A torpor snail (WizLab)
  13 cane toads
  A rust devil (Zot:2)
  28 naga magi
  4 fire giant skeletons (Crypt:3)
  5 gargoyles
  3 orange demons
  An elephant slug zombie (Crypt:2)
  6 freezing wraiths
  A dire elephant skeleton (Crypt:3)
  A white draconian zombie (Crypt:1)
  A hellion (Depths:4)
  An unseen horror (D:12)
  A kobold demonologist (D:10)
  17 komodo dragons
  A yaktaur (shapeshifter) (WizLab)
  28 yaktaurs
  2 rime drakes
  A rime drake (shapeshifter) (D:15)
  An alligator snapping turtle skeleton (Crypt:3)
  2 tengu conjurers
  An ice devil (D:12)
  3 guardian mummies (Crypt:3)
  23 merfolk
  2 hydra zombies
  3 trolls
  A meliai (shapeshifter) (D:15)
  6 harpy zombies
  6 wind drakes
  9 polar bears (Lair:5)
  3 raiju (Lair:5)
  Prince Ribbit (Lair:2)
  A wolf spider simulacrum (D:15)
  6 hornets
  33 blink frogs
  Grinder (D:6)
  59 saltlings (Desolation)
  A dream sheep (shapeshifter) (Vaults:5)
  12 dream sheep
  12 snapping turtles
  3 flying skulls (Crypt:1)
  12 spriggans
  2 air elementals
  7 shadows
  A yak (shapeshifter) (Elf:1)
  5 wyverns
  19 slime creatures
  13 wraiths
  12 fire dragon skeletons (Crypt:3)
  A centaur simulacrum (D:14)
  9 water elementals
  A vampire (D:9)
  A black mamba skeleton (Crypt:1)
  3 fire bats (Gauntlet)
  3 fire elementals
  6 hogs (Shoals:1)
  A human (shapeshifter) (D:13)
  52 yaks
  11 vampire mosquitoes
  3 basilisks
  3 golden eyes (WizLab)
  A redback (shapeshifter) (Depths:3)
  A neqoxec (D:15)
  A redback (Vaults:2)
  2 steam dragons
  Menkaure (D:7)
  A yaktaur simulacrum (Vaults:3)
  9 wargs
  45 nagas
  An elf skeleton (Vaults:3)
  Duvessa (D:7)
  15 water moccasins
  2 acid dragons (D:12)
  17 hell hounds
  18 orc warriors
  An ice beast (D:7)
  A naga skeleton (Crypt:3)
  12 black bears
  4 sky beasts
  8 ogres
  23 wolves
  An elephant zombie (Crypt:2)
  A manticore zombie (Shoals:3)
  18 centaurs
  2 lemures
  A phantom (D:5)
  A human skeleton (Vaults:3)
  3 kobold brigands
  Blork the orc (D:6)
  2 human zombies
  12 bullfrogs
  2 earth elementals (Elf:1)
  A scorpion (D:4)
  A cyclops zombie (Crypt:2)
  2 gnoll sergeants
  4 necrophages (D:8)
  4 small abominations (Gauntlet)
  6 wights
  Dowan (D:7)
  2 electric eels (Lair:2)
  2 howler monkeys
  3 lava snakes (Volcano)
  A centaur zombie (D:8)
  3 hounds
  4 jellies
  Crazy Yiuf (D:6)
  2 gnoll boudas
  9 orc priests
  2 sleepcaps
  3 iguanas
  40 orc wizards
  A deep dwarf zombie (Crypt:1)
  An acid dragon zombie (Crypt:1)
  9 mummies
  23 gnolls
  A howler monkey zombie (D:8)
  7 adders
  6 shadow imps
  2 ufetubi (D:5)
  2 adder zombies (Ossuary)
  3 worms
  4 dart slugs
  61 orcs
  3 ball pythons
  10 bats
  7 endoplasms
  A giant cockroach (D:1)
  A gnoll zombie (Crypt:2)
  5 goblins
  8 hobgoblins
  8 jackals (D:3)
  3 quokkas
  A river rat zombie (Crypt:1)
  A ball python skeleton (Ossuary)
  3 frilled lizards (D:1)
  A hobgoblin skeleton (Ossuary)
  2 hobgoblin zombies
  A jackal skeleton (Crypt:2)
  8 kobolds
  2 kobold zombies
  3 orc zombies (Ossuary)
  A rat (D:2)
  A starspawn tentacle (WizLab)
  2 tentacles (Shoals:2)
2409 creatures vanquished.

Vanquished Creatures (collateral kills)
  A tentacled monstrosity (Zot:1)
  A tengu reaver (Vaults:2)
  A purple draconian (Zot:1)
  A guardian serpent (Snake:1)
  A black mamba (Snake:4)
5 creatures vanquished.

Vanquished Creatures (others)
  A nagaraja (Snake:4)
  A deep elf zephyrmancer (Elf:3)
  A naga (Snake:4)
  An orc (Orc:2)
  2 starspawn tentacles (WizLab)
  3 tentacles (Shoals:2)
9 creatures vanquished.

Grand Total: 2423 creatures vanquished

Notes
Turn   | Place    | Note
-------+----------+-------------------------------------------
     0 | D:1      | Forgeling the Barachi Wanderer began the quest for the Orb.
     0 | D:1      | Forgeling set off with the following items: a +3 sling, a
                  | +0 pair of boots, a +0 robe, a scroll of blinking.
     0 | D:1      | Reached XP level 1. HP: 17/17 MP: 1/1
   123 | D:1      | Reached XP level 2. HP: 23/23 MP: 2/2
   309 | D:1      | Reached XP level 3. HP: 28/28 MP: 3/3
   637 | D:2      | Found a bloodstained altar of Trog.
   910 | D:2      | Reached XP level 4. HP: 33/34 MP: 4/4
  1403 | D:3      | Found a faded altar of an unknown god.
  1648 | D:3      | Reached XP level 5. HP: 37/39 MP: 5/5
  1767 | D:3      | Found a white marble altar of Elyvilon.
  1882 | D:3      | Found a glowing golden altar of the Shining One.
  2339 | D:4      | Reached XP level 6. HP: 46/46 MP: 6/6
  2471 | D:4      | Identified the ring "Woatomm" {rF+ Str+6 Dex+7}
  2620 | D:5      | Entered Level 5 of the Dungeon
  2673 | D:5      | Found a sand-covered staircase.
  2811 | Ossuary  | Entered an ossuary
  2910 | Ossuary  | Noticed a flying skull
  2910 | Ossuary  | Noticed a wraith
  2925 | Ossuary  | Noticed a flying skull
  2962 | Ossuary  | Noticed a wraith
  3001 | Ossuary  | Reached XP level 7. HP: 47/53 MP: 7/7
  3019 | Ossuary  | Noticed a flying skull
  3026 | Ossuary  | Noticed a wraith
  3033 | Ossuary  | Noticed a flying skull
  3130 | D:5      | Found an opulent altar of Gozag.
  3732 | D:6      | Reached skill level 5 in Fighting
  3732 | D:6      | Reached XP level 8. HP: 13/62 MP: 8/8
  3867 | D:6      | Identified the -2 tower shield "Xoal Xime" {rF++}
  4005 | D:6      | Found a staircase to the Ecumenical Temple.
  4008 | D:6      | Noticed Pikel
  4025 | D:6      | Killed Pikel
  4026 | D:6      | Reached skill level 10 in Ranged Weapons
  4049 | Temple   | Entered the Ecumenical Temple
  4082 | Temple   | Became a worshipper of Cheibriados the Contemplative
  4149 | D:6      | Noticed Grinder
  4246 | D:7      | Found Vulurch's Book Boutique.
  4262 | D:6      | Reached XP level 9. HP: 60/72 MP: 9/9
  4287 | D:7      | Noticed Duvessa
  4287 | D:7      | Noticed Dowan
  4287 | D:7      | Found Yhoth's Elemental Accessories.
  4294 | D:7      | Killed Duvessa
  4305 | D:7      | Killed Dowan
  4345 | D:7      | Reached skill level 5 in Dodging
  4538 | D:7      | Noticed Menkaure
  4542 | D:7      | Killed Menkaure
  4609 | D:7      | Reached skill level 1 in Evocations
  4980 | D:8      | Identified the ring "Dyolet" {rC+ Will+ Int+5 Dex+3 Stlth-}
  5004 | D:8      | Learned a level 2 spell: Jinxbite
  5060 | D:8      | Found an iron altar of Okawaru.
  5134 | D:7      | Reached * piety under Cheibriados
  5490 | D:8      | Reached XP level 10. HP: 83/83 MP: 10/10
  5542 | D:8      | Found Goghukh's Assorted Antiques.
  5559 | D:8      | Bought a blackened iron wand for 100 gold pieces
  5594 | D:8      | Found a basalt altar of Yredelemnul.
  5689 | D:8      | Reached ** piety under Cheibriados
  5705 | D:8      | Found a blossoming altar of Fedhas.
  5768 | D:8      | Found a shimmering blue altar of Sif Muna.
  5801 | D:8      | Found a broken altar of Ashenzari.
  5864 | D:8      | Found a bloodstained altar of Trog.
  5864 | D:8      | Found a radiant altar of Vehumet.
  5865 | D:8      | Found a burning altar of Makhleb.
  5865 | D:8      | Found a stormy altar of Qazlal.
  5872 | D:8      | Found an ancient bone altar of Kikubaaqudgha.
  5873 | D:8      | Found a sacrificial altar of Ru.
  6016 | D:8      | Reached skill level 10 in Fighting
  6058 | D:8      | Identified a scroll of acquirement
  6067 | D:8      | Acquired the +7 longbow "Xaitomn" {freeze, Fragile rF++
                  | Will+ rCorr}
  6159 | D:6      | Killed Grinder
  6160 | D:6      | Reached skill level 5 in Evocations
  6204 | D:6      | Noticed Blork the orc
  6206 | D:6      | Killed Blork the orc
  6250 | D:6      | Found a runed translucent door.
  6251 | D:6      | Noticed Crazy Yiuf
  6398 | D:6      | Killed Crazy Yiuf
  6614 | D:9      | Found a hide-covered altar of Uskayaw.
  6984 | D:10     | Entered Level 10 of the Dungeon
  6995 | D:10     | Noticed a kobold demonologist
  6997 | D:10     | Noticed a sun demon
  7009 | D:10     | Killed a kobold demonologist
  7044 | D:10     | Reached *** piety under Cheibriados
  7182 | D:10     | Noticed Josephine
  7203 | D:10     | Killed Josephine
  7204 | D:10     | Reached XP level 11. HP: 44/90 MP: 11/11
  7264 | D:10     | Noticed a two-headed ogre
  7271 | D:10     | Killed a two-headed ogre
  7865 | D:10     | Learned a level 4 spell: Anguish
  7899 | D:11     | Noticed Erica
  7902 | D:11     | Killed Erica
  7906 | D:11     | Noticed Snorg
  7912 | D:11     | Killed Snorg
  7959 | D:11     | Found a staircase to the Lair.
  7966 | D:11     | Noticed a two-headed ogre
  7969 | D:11     | Killed a two-headed ogre
  8057 | D:11     | Noticed Erolcha
  8058 | D:11     | Killed Erolcha
  8101 | D:11     | Noticed a two-headed ogre
  8108 | D:11     | Killed a two-headed ogre
  8184 | D:11     | Reached **** piety under Cheibriados
  8185 | D:11     | Noticed a two-headed ogre
  8189 | D:11     | Killed a two-headed ogre
  8190 | D:11     | Reached skill level 5 in Armour
  8402 | D:11     | Noticed a cyan ugly thing
  8537 | D:11     | Killed a cyan ugly thing
  8538 | D:11     | Reached skill level 1 in Spellcasting
  8538 | D:11     | Reached skill level 1 in Hexes
  8579 | D:11     | Noticed Maurice
  8589 | D:11     | Killed Maurice
  8590 | D:11     | Reached XP level 12. HP: 97/97 MP: 12/14
  8642 | D:11     | Reached skill level 2 in Spellcasting
  8940 | Lair:1   | Entered Level 1 of the Lair of Beasts
  8960 | Lair:1   | Reached skill level 5 in Hexes
  8960 | Lair:1   | Reached skill level 1 in Stealth
  9001 | Lair:1   | You fall into a shaft and drop 1 floor!
  9001 | Lair:2   | Noticed a death yak
  9001 | Lair:2   | Noticed a death yak
  9001 | Lair:2   | Noticed a death yak
  9013 | Lair:2   | Killed a death yak
  9021 | Lair:2   | Killed a death yak
  9024 | Lair:2   | Killed a death yak
  9063 | Lair:2   | Found a staircase to the Snake Pit.
  9077 | Lair:2   | Reached ***** piety under Cheibriados
  9148 | Lair:1   | Reached skill level 15 in Ranged Weapons
  9374 | Lair:1   | Found a blossoming altar of Fedhas.
  9613 | Lair:2   | Gained mutation: You can hop long distances. [Barachi
                  | growth]
  9613 | Lair:2   | Reached XP level 13. HP: 89/103 MP: 16/16
  9725 | Lair:2   | Noticed Prince Ribbit
 10049 | Lair:2   | Found a staircase to the Shoals.
 10133 | Lair:2   | Killed Prince Ribbit
 10453 | D:7      | Bought a tin of tremorstones (2/2) for 440 gold pieces
 10587 | Lair:3   | Reached ****** piety under Cheibriados
 10590 | Lair:3   | Reached skill level 1 in Invocations
 10648 | Lair:3   | Reached skill level 10 in Evocations
 10679 | Lair:3   | Found a bloodstained altar of Trog.
 10679 | Lair:3   | Noticed wingedge's ghost (journeyman DgEE)
 10686 | Lair:3   | Found a transporter.
 10734 | Lair:3   | Found a dark tunnel.
 10743 | Volcano  | Entered a volcano
 10785 | Volcano  | Found a burning altar of Makhleb.
 10815 | Volcano  | Noticed a red draconian
 10820 | Volcano  | Killed a red draconian
 11400 | Lair:3   | Found a transporter.
 12023 | Lair:4   | Noticed Rupert
 12030 | Lair:4   | Killed Rupert
 12031 | Lair:4   | Reached skill level 5 in Invocations
 12082 | Lair:4   | Reached XP level 14. HP: 106/114 MP: 18/18
 12139 | Lair:4   | Found a staircase to the Slime Pits.
 12140 | Lair:4   | Found a viscous altar of Jiyva.
 13049 | Lair:5   | Entered Level 5 of the Lair of Beasts
 13254 | Lair:5   | Reached skill level 10 in Invocations
 13626 | Lair:5   | Found a sparkling altar of Nemelex Xobeh.
 13905 | Lair:5   | Reached XP level 15. HP: 120/120 MP: 23/23
 14753 | Lair:5   | Learned a level 5 spell: Yara's Violent Unravelling
 15107 | Lair:3   | Killed wingedge's ghost
 15313 | D:12     | Found a staircase to the Orcish Mines.
 15640 | D:12     | Found a portal to a secret trove of treasure.
 15934 | Orc:1    | Entered Level 1 of the Orcish Mines
 16081 | Orc:2    | Entered Level 2 of the Orcish Mines
 16139 | Orc:2    | Found a staircase to the Elven Halls.
 16210 | Orc:1    | Found Ygiemece's Antique Armour Emporium.
 16301 | Orc:1    | Found Ozeiphae's Jewellery Shop.
 16690 | Orc:2    | Noticed an orc warlord
 16702 | Orc:2    | Killed an orc warlord
 16968 | Orc:2    | Reached skill level 10 in Armour
 17135 | Orc:2    | Found Memoet's Armour Boutique.
 17135 | Orc:2    | Found Sotzit's General Store.
 17224 | Orc:2    | Found Huskimas's Distillery.
 17224 | Orc:2    | Found Bohened's Distillery.
 17335 | Orc:2    | Bought a wand of digging (7) for 470 gold pieces
 17337 | Orc:2    | Bought a scroll of identify for 32 gold pieces
 17401 | Orc:2    | Bought the +5 ring mail of Death Resistance {rPois} for 482
                  | gold pieces
 17585 | D:7      | Bought a book of Weapons for 364 gold pieces
 17590 | D:7      | Learned a level 4 spell: Dimensional Bullseye
 17708 | D:13     | Reached skill level 1 in Translocations
 17853 | D:13     | Found a gate leading to a gauntlet.
 17863 | Gauntlet | Entered a Gauntlet
 17863 | Gauntlet | Found a transporter.
 17863 | Gauntlet | Found a transporter.
 17866 | Gauntlet | Found a transporter.
 17866 | Gauntlet | Found a transporter.
 17876 | Gauntlet | Found a transporter.
 17881 | Gauntlet | Found a transporter.
 17882 | Gauntlet | Found a large runed translucent door.
 17883 | Gauntlet | Found a large runed translucent door.
 17884 | Gauntlet | Found a large runed translucent door.
 17885 | Gauntlet | Found a runed translucent gate.
 17886 | Gauntlet | Found a transporter.
 17886 | Gauntlet | Found a transporter.
 17886 | Gauntlet | Found a runed translucent gate.
 17887 | Gauntlet | Found a runed translucent gate.
 17888 | Gauntlet | Found a large runed translucent door.
 17889 | Gauntlet | Found a large runed translucent door.
 17890 | Gauntlet | Found a large runed translucent door.
 17899 | Gauntlet | Found a large runed translucent door.
 17899 | Gauntlet | Found a large runed translucent door.
 17900 | Gauntlet | Found a runed translucent door.
 17900 | Gauntlet | Found a large runed translucent door.
 17900 | Gauntlet | Found a large runed translucent door.
 17900 | Gauntlet | Found a runed translucent door.
 17900 | Gauntlet | Found a large runed translucent door.
 17900 | Gauntlet | Found a large runed translucent door.
 17908 | Gauntlet | Found a large runed translucent door.
 17908 | Gauntlet | Found a large runed translucent door.
 17909 | Gauntlet | Found a large runed translucent door.
 17909 | Gauntlet | Found a large runed translucent door.
 17911 | Gauntlet | Found a transporter.
 17924 | Gauntlet | Found a transporter.
 17943 | Gauntlet | Found a transporter.
 17963 | Gauntlet | Found a transporter.
 18002 | Gauntlet | Found a transporter.
 18017 | Gauntlet | Found a transporter.
 18114 | Gauntlet | Found a transporter.
 18133 | Gauntlet | Found a transporter.
 18296 | Gauntlet | Identified the +0 hat of Qazlal's Felicitations {Rampage
                  | Str+3 Int+7}
 18419 | Gauntlet | Identified the +0 pair of boots of the Farrier {Will++}
 18439 | Gauntlet | Identified the +0 scale mail of the Heavens {rF+++ Str-4
                  | Int-4 Dex+6}
 18444 | Gauntlet | Reached skill level 5 in Translocations
 18454 | Gauntlet | Identified the staff of Vehumet's Generosity {rF+ rN++
                  | rCorr Str-5 Int+4 Fire}
 18622 | D:13     | Reached XP level 16. HP: 122/127 MP: 24/24
 18914 | D:13     | Reached skill level 3 in Spellcasting
 19513 | D:14     | Reached skill level 4 in Spellcasting
 19664 | D:14     | Found a gate to the Vaults.
 19887 | D:15     | Entered Level 15 of the Dungeon
 20231 | D:15     | Reached skill level 5 in Spellcasting
 20757 | D:15     | Found a staircase to the Depths.
 21238 | Snake:1  | Entered Level 1 of the Snake Pit
 21339 | Snake:1  | Noticed Donald
 21380 | Snake:1  | Found the +3 Elemental Staff {ele, rElec rF+ rC+ AC+3}
 21385 | Snake:1  | Found a transporter.
 21518 | Snake:1  | Identified the serpent talisman "Gaoff" {rPois Int+3 Dex+2
                  | Stlth-}
 21518 | Snake:1  | Noticed Aizul
 21534 | Snake:1  | Killed Aizul
 21779 | Snake:1  | Found a transporter.
 21930 | Snake:1  | Noticed Roxanne
 21940 | Snake:1  | Killed Roxanne
 22367 | Snake:2  | Reached XP level 17. HP: 133/133 MP: 25/25
 22397 | Snake:2  | Reached skill level 6 in Spellcasting
 23319 | Snake:3  | Reached skill level 10 in Hexes
 23939 | Snake:3  | Reached skill level 7 in Spellcasting
 24127 | Snake:3  | Identified the +1 chain mail of the Rose {Int+3}
 24452 | Snake:4  | Entered Level 4 of the Snake Pit
 24455 | Snake:4  | Noticed Vashnia
 24861 | Snake:4  | Reached skill level 1 in Transmutations
 24887 | Snake:4  | Noticed Nikola
 25231 | Shoals:1 | Entered Level 1 of the Shoals
 25443 | Shoals:1 | Noticed Kirke
 25449 | Shoals:1 | Killed Kirke
 25585 | Shoals:1 | Reached XP level 18. HP: 140/140 MP: 28/28
 25600 | Shoals:1 | Identified the +0 plate armour of Sin {Contam rC+ rCorr}
 25635 | Shoals:1 | Noticed Louise
 25647 | Shoals:1 | Killed Louise
 25648 | Shoals:1 | Reached skill level 5 in Transmutations
 25717 | Shoals:1 | Found a runed translucent gate.
 25717 | Shoals:1 | Found a runed translucent gate.
 25717 | Shoals:1 | Found a runed translucent gate.
 25718 | Shoals:1 | Found an opulent altar of Gozag.
 25718 | Shoals:1 | Found Unkifor's Assorted Antiques.
 25719 | Shoals:1 | Noticed Tainn's ghost (adept MiFi)
 26307 | Shoals:2 | Found a runed translucent door.
 26307 | Shoals:2 | Noticed tbh1313's ghost (adept MiBe)
 26843 | Shoals:2 | Found Qipleten's Antique Weapon Emporium.
 27469 | Shoals:3 | Found a gateway to a bazaar.
 28047 | Shoals:4 | Entered Level 4 of the Shoals
 28148 | Shoals:4 | Reached skill level 15 in Fighting
 28196 | Shoals:4 | Got the Monograph on Bombardment
 28727 | Shoals:4 | Reached XP level 19. HP: 157/157 MP: 29/29
 28788 | Shoals:4 | Got a barnacled rune of Zot
 28975 | Shoals:4 | Got the Spellbook of the Gathering
 29000 | Shoals:4 | Reached skill level 5 in Stealth
 29171 | Shoals:2 | Killed Tainn's ghost
 29492 | Snake:1  | Killed Donald
 29493 | Snake:1  | Reached skill level 10 in Dodging
 29690 | Snake:1  | Learned a level 5 spell: Irradiate
 29902 | Snake:4  | Killed Nikola
 30029 | Snake:4  | Killed Vashnia
 30514 | Snake:4  | Got a serpentine rune of Zot
 30808 | Vaults:1 | Entered Level 1 of the Vaults
 30998 | Vaults:1 | Found a crumbling gateway.
 31003 | Desolati | Entered the Desolation of Salt
 31489 | Desolati | Reached XP level 20. HP: 162/170 MP: 30/30
 31643 | Desolati | Got Unaoneo's Papyrus of Massed Confrontation
 31647 | Desolati | Identified the ring of Lucidity {Contam rPois rF++ rC+
                  | Will-}
 31650 | Desolati | Got Uvugg's Elucidation of the Tropics
 31767 | Desolati | Identified the ring of Hepliaklqana's Esteem {rElec Will+
                  | EV+5 Str+3}
 31769 | Desolati | Identified the ring of the Briny Deep {*Slow Int+6 Dex+6}
 31808 | Desolati | Identified the +1 halberd of Arbitration {speed, Fly Will+}
 31811 | Desolati | Identified the +7 dagger of Amorality {spect, Int+3}
 31947 | Desolati | Got the Anthology of Pneumatic Venin
 32187 | Vaults:1 | Found Zeulevif's Weapon Shop.
 32855 | Vaults:1 | Reached skill level 1 in Conjurations
 33356 | Vaults:2 | Found a staircase to the Crypt.
 33714 | Vaults:2 | Noticed Bediveer's ghost (adept DsFi)
 33897 | Vaults:2 | Reached skill level 8 in Spellcasting
 33933 | Vaults:2 | Noticed Sojobo
 33941 | Vaults:2 | Reached skill level 10 in Transmutations
 33941 | Vaults:2 | Killed Sojobo
 33942 | Vaults:2 | Reached skill level 5 in Conjurations
 34062 | Vaults:2 | Noticed Margery
 34069 | Vaults:2 | Killed Margery
 34254 | Vaults:2 | Found a large runed translucent door.
 34254 | Vaults:2 | Found a large runed translucent door.
 34254 | Vaults:2 | Noticed Qeunemit's ghost (adept GrFi)
 34546 | Vaults:3 | Reached XP level 21. HP: 162/177 MP: 33/33
 35444 | Vaults:3 | Identified the amulet "Pouxt" {Reflect rN+ Str+2 Int+3
                  | SH+5}
 35467 | Vaults:3 | Got Ismuoll's Textbook on Glowing Accomplices
 35474 | Vaults:3 | Identified the ring of Cekk {Fly Int+2}
 35482 | Vaults:3 | Identified the +1 ring mail of Imperfection {Harm rC-
                  | Will++ Str+2}
 36353 | Vaults:4 | Reached skill level 10 in Stealth
 36367 | Vaults:4 | Noticed a golden dragon
 36372 | Vaults:4 | Killed a golden dragon
 36414 | Vaults:4 | Found the +27 heavy crossbow "Sniper" {heavy, Acc+∞ SInv}
 36438 | Vaults:4 | Got the Parchment of the Congregated Caves
 36480 | Vaults:4 | Reached XP level 22. HP: 179/188 MP: 34/34
 37449 | Depths:1 | Entered Level 1 of the Depths
 37577 | Depths:1 | Found a gateway to Hell.
 37614 | Depths:1 | Found a hazy altar of Hepliaklqana.
 37689 | Depths:1 | Found a one-way gate to the infinite horrors of the Abyss.
 38278 | Depths:1 | Found a one-way gate leading to the halls of Pandemonium.
 38354 | Depths:2 | Noticed the Enchantress
 38358 | Depths:2 | Killed the Enchantress
 38418 | Depths:2 | Identified the +1 leather armour "Meakh" {rF- rC++ rCorr
                  | Dex-5}
 38561 | Depths:2 | Found an ancient bone altar of Kikubaaqudgha.
 39267 | Depths:2 | Found a radiant altar of Vehumet.
 39743 | Depths:3 | Identified the +7 hand axe of Bloody Death {vamp, Str+3}
 39748 | Depths:3 | Found a glowing silver altar of Zin.
 39748 | Depths:3 | Found a white marble altar of Elyvilon.
 39748 | Depths:3 | Found a glowing golden altar of the Shining One.
 39765 | Depths:3 | Found Kuummier's Antique Weapon Shoppe.
 39816 | Depths:3 | Found a one-way gateway to a ziggurat.
 39898 | Depths:3 | Found a runed translucent door.
 39919 | Depths:3 | Found the +7 mace of Variability {chaos, chaos arc}
 40025 | Depths:3 | Found a magical portal.
 40049 | WizLab   | Entered Alistair's Party Mansion
 40235 | WizLab   | Reached XP level 23. HP: 172/196 MP: 26/35
 40325 | WizLab   | Reached skill level 15 in Invocations
 40491 | WizLab   | Got Sif Muna's Parchment of the Cure and Transition
 41125 | Depths:3 | Noticed a juggernaut
 41135 | Depths:3 | Killed a juggernaut
 41141 | Depths:3 | Noticed a juggernaut
 41218 | Depths:3 | Killed a juggernaut
 41337 | Depths:3 | Identified the scarf of Happiness {rC+ rF+, Int+4}
 41339 | Depths:3 | Acquired a book of Spectacle
 41649 | Depths:4 | Entered Level 4 of the Depths
 41685 | Depths:3 | Learned a level 5 spell: Borgnjor's Vile Clutch
 41810 | Depths:4 | Reached skill level 15 in Armour
 42071 | Depths:4 | Noticed a golden dragon
 42365 | Depths:4 | Found a gate to the Realm of Zot.
 42380 | Depths:4 | Killed a golden dragon
 42919 | Depths:4 | Identified the +0 war axe "Dyfusish" {heavy, Dex+2}
 43173 | Elf:1    | Entered Level 1 of the Elven Halls
 43503 | Elf:1    | Reached skill level 9 in Spellcasting
 44044 | Elf:2    | Found Xezaph's Book Shop.
 44058 | Elf:2    | Bought a manual of Translocations for 960 gold pieces
 44106 | Elf:2    | Learned a level 6 spell: Dispersal
 44109 | Elf:2    | Learned a level 2 spell: Blink
 44151 | Elf:2    | Reached XP level 24. HP: 196/204 MP: 29/36
 44442 | Elf:2    | Found a runed translucent gate.
 44442 | Elf:2    | Found a runed translucent gate.
 44442 | Elf:2    | Found a runed translucent gate.
 44739 | Elf:2    | Reached skill level 10 in Translocations
 44798 | Elf:2    | Reached skill level 10 in Spellcasting
 45102 | Elf:3    | Entered Level 3 of the Elven Halls
 45290 | Elf:3    | Noticed Saint Roka
 45301 | Elf:3    | Killed Saint Roka
 45568 | Elf:3    | Reached skill level 11 in Spellcasting
 45678 | Elf:3    | Found a radiant altar of Vehumet.
 46109 | Elf:3    | Noticed Asterion
 46117 | Elf:3    | Killed Asterion
 46117 | Elf:3    | Identified the ring of Lupt {rC+ Str+2 Dex+2 Stlth+}
 46117 | Elf:3    | Identified the amulet of the Chimera {RegenMP Rampage
                  | Str+2}
 46282 | Elf:3    | Identified the +9 trident of Mov Dunk {vamp, rPois rCorr
                  | Str-5}
 46353 | Elf:3    | Identified the staff "Qiagir" {rPois rF+ rC+ rCorr Str+3
                  | Ice}
 46373 | Elf:3    | Identified the +5 rapier of Resourcefulness {flame, rCorr
                  | Str+4 Int-3}
 46710 | Shoals:2 | Killed tbh1313's ghost
 46985 | Vaults:2 | Killed Bediveer's ghost
 46986 | Vaults:2 | Reached skill level 12 in Spellcasting
 47395 | Vaults:2 | Killed Qeunemit's ghost
 47705 | Bazaar   | Entered a bazaar
 47735 | Bazaar   | Found Wimak's Book Shoppe.
 47752 | Bazaar   | Found Nonnotuo's Antique Weapon Shoppe.
 47780 | Bazaar   | Found Podder's Antique Armour Boutique.
 47786 | Bazaar   | Bought a twisted cloak for 332 gold pieces
 47786 | Bazaar   | Identified the +0 cloak of Ugastig {rF+ rN++ Regen+} (You
                  | bought it in a shop in a bazaar)
 47814 | Bazaar   | Found Hiogiuz's General Store.
 47820 | Bazaar   | Bought a wand of acid (3) for 176 gold pieces
 47820 | Bazaar   | Bought a wand of paralysis (6) for 201 gold pieces
 47820 | Bazaar   | Bought a potion of heal wounds for 70 gold pieces
 47872 | Bazaar   | Bought a manual of Shields for 1280 gold pieces
 48183 | Vaults:2 | Found a staircase to the Crypt.
 48678 | Crypt:1  | Entered Level 1 of the Crypt
 48831 | Crypt:1  | Reached skill level 13 in Spellcasting
 48831 | Crypt:1  | Reached skill level 1 in Ice Magic
 48859 | Crypt:1  | Reached skill level 5 in Ice Magic
 49179 | Crypt:1  | Reached XP level 25. HP: 210/210 MP: 40/40
 49532 | Crypt:2  | Reached skill level 10 in Ice Magic
 50036 | Crypt:3  | Entered Level 3 of the Crypt
 50588 | Crypt:3  | Identified the +0 robe "Lemeo" {Stlth+}
 50647 | Crypt:3  | Noticed a dread lich
 50654 | Crypt:3  | Killed a dread lich
 50690 | Crypt:3  | Reached skill level 15 in Ice Magic
 50815 | Crypt:3  | Found an ancient bone altar of Kikubaaqudgha.
 50817 | Crypt:3  | Noticed an ancient lich
 50829 | Crypt:3  | Killed an ancient lich
 50862 | Crypt:3  | Identified the +5 morningstar of the Crawling Thing {flame,
                  | rC++}
 50874 | Crypt:3  | Noticed a dread lich
 50880 | Crypt:3  | Killed a dread lich
 50890 | Crypt:3  | Identified the +0 plate armour "Litzuutz" {Rampage rElec}
 51311 | Crypt:3  | Found a staircase to the Tomb.
 51534 | Crypt:3  | Reached skill level 14 in Spellcasting
 51572 | Crypt:3  | Identified the ring "Sossoage" {Wiz *Corrode rElec Int+3}
 51728 | Vaults:5 | Entered Level 5 of the Vaults
 51982 | Vaults:5 | Reached skill level 15 in Spellcasting
 52150 | Vaults:5 | Reached skill level 16 in Spellcasting
 52275 | Vaults:5 | Noticed a dread lich
 52287 | Vaults:5 | Killed a dread lich
 52341 | Vaults:5 | Noticed a dread lich
 52344 | Vaults:5 | Noticed an ancient lich
 52349 | Vaults:5 | Killed a dread lich
 52350 | Vaults:5 | Reached XP level 26. HP: 197/218 MP: 36/43
 52356 | Vaults:5 | Killed an ancient lich
 52357 | Vaults:5 | Reached skill level 17 in Spellcasting
 52700 | Vaults:5 | Reached skill level 18 in Spellcasting
 52745 | Vaults:5 | Identified the ring of Guq Lut {Wiz rElec rPois Will-
                  | Dex+4}
 53038 | Vaults:5 | Identified the +2 sling "Worm's Wrath" {heavy, Drain rCorr
                  | Dex+8 SInv}
 53043 | Vaults:5 | Reached skill level 19 in Spellcasting
 53073 | Vaults:5 | Identified the +5 fire dragon scales "Neudeit" {Fly rF++
                  | rC- Str-5 Dex+2}
 53093 | Vaults:5 | Identified the +0 ring mail of Wasted Space {rF+++ Will-
                  | rCorr Str+3}
 53220 | Vaults:5 | Identified the ring of the Prince {rPois rN+ Str+2 Dex+3
                  | SInv}
 53362 | Vaults:5 | Got a silver rune of Zot
 53756 | D:7      | Bought the Compilation of Chilblains for 264 gold pieces
 53764 | D:7      | Learned a level 7 spell: Ozocubu's Refrigeration
 54089 | Zot:1    | Entered Level 1 of the Realm of Zot
 54479 | Zot:1    | Reached skill level 20 in Spellcasting
 54537 | Zot:1    | Found the +4 dragonskin cloak
 54537 | Zot:1    | Noticed Tiamat
 54568 | Zot:1    | Killed Tiamat
 54823 | Zot:1    | Noticed an orb of fire
 54823 | Zot:1    | Noticed a Killer Klown
 55139 | Zot:1    | Gained mutation: You are vulnerable to heat. (rF-) [an orb
                  | of fire]
 55140 | Zot:1    | Gained mutation: You occasionally lose the ability to drink
                  | potions when taking damage. [an orb of fire]
 55146 | Zot:1    | Killed an orb of fire
 55209 | Zot:1    | Reached XP level 27. HP: 224/224 MP: 47/47
 55756 | Zot:2    | Noticed an ancient lich
 55762 | Zot:2    | Killed an ancient lich
 55918 | Zot:2    | You fall into a shaft and drop 1 floor!
 56495 | Zot:3    | Identified the ring of Diemucus {Will+ rCorr Str+4}
 56617 | Zot:3    | Found a transporter.
 56864 | Zot:3    | Found a transporter.
 57316 | Zot:4    | Learned a level 8 spell: Maxwell's Capacitive Coupling
 57346 | Zot:4    | Reached skill level 1 in Air Magic
 57717 | Zot:4    | Reached skill level 5 in Air Magic
 58275 | Zot:4    | Found the +4 Cigotuvi's embrace {Corpsefed rMiasma Drain
                  | rN+}
 58446 | Zot:4    | Reached skill level 10 in Air Magic
 58503 | Zot:4    | Learned a level 1 spell: Apportation
 58503 | Zot:4    | Identified the ring "Hagewivviu" {rPois rC- Int+7 Dex+2
                  | SInv}
 58562 | Zot:5    | Entered Level 5 of the Realm of Zot
 59516 | Zot:5    | Noticed a dread lich
 59533 | Zot:5    | Killed a dread lich
 59615 | Zot:5    | Noticed a dread lich
 59626 | Zot:5    | Killed a dread lich
 59660 | Zot:5    | Noticed an orb of fire
 59663 | Zot:5    | Gained mutation: You occasionally shout uncontrollably at
                  | your foes. [an orb of fire]
 59663 | Zot:5    | Noticed an orb of fire
 59670 | Zot:5    | Killed an orb of fire
 59674 | Zot:5    | Killed an orb of fire
 59808 | Zot:5    | Noticed an orb of fire
 59812 | Zot:5    | Gained mutation: Your magical capacity is low. (-10% MP)
                  | [an orb of fire]
 59814 | Zot:5    | Gained mutation: You are occasionally teleported next to
                  | monsters. [an orb of fire]
 59819 | Zot:5    | Noticed an orb of fire
 59820 | Zot:5    | Noticed a dread lich
 59820 | Zot:5    | Noticed an orb of fire
 60008 | Zot:5    | Killed an orb of fire
 60164 | Zot:5    | Gained mutation: You do not regenerate when monsters are
                  | visible. [an orb of fire]
 60167 | Zot:5    | Killed an orb of fire
 60168 | Zot:5    | Reached skill level 15 in Air Magic
 60176 | Zot:5    | Killed a dread lich
 60465 | Zot:5    | Noticed an orb of fire
 60470 | Zot:5    | Noticed an orb of fire
 60470 | Zot:5    | Noticed an orb of fire
 60470 | Zot:5    | Noticed an orb of fire
 60594 | Zot:5    | Lost mutation: You do not regenerate when monsters are
                  | visible. [potion of mutation]
 60594 | Zot:5    | Lost mutation: You occasionally shout uncontrollably at
                  | your foes. [potion of mutation]
 60594 | Zot:5    | Lost mutation: Your magical capacity is low. (-10% MP)
                  | [potion of mutation]
 60594 | Zot:5    | Gained mutation: You have a pair of small horns on your
                  | head. [potion of mutation]
 60594 | Zot:5    | Gained mutation: You possess an exceptional clarity of
                  | mind. [potion of mutation]
 60594 | Zot:5    | Gained mutation: You have supernaturally acute eyesight.
                  | (SInv) [potion of mutation]
 60614 | Zot:5    | Lost mutation: You possess an exceptional clarity of mind.
                  | [an orb of fire]
 60615 | Zot:5    | Gained mutation: You are dopey. (Int -2) [an orb of fire]
 60619 | Zot:5    | Killed an orb of fire
 60707 | Zot:5    | Noticed a dread lich
 60715 | Zot:5    | Killed a dread lich
 60726 | Zot:5    | Killed an orb of fire
 60758 | Zot:5    | Killed an orb of fire
 60765 | Zot:5    | Gained mutation: Armour fits poorly on your strangely
                  | shaped body. [an orb of fire]
 60767 | Zot:5    | Gained mutation: You are very dopey. (Int -4) [an orb of
                  | fire]
 60770 | Zot:5    | Killed an orb of fire
 60847 | Zot:5    | Gained mutation: Your body sometimes deteriorates upon
                  | taking damage. [an orb of fire]
 60850 | Zot:5    | Killed an orb of fire
 61813 | Zot:5    | Lost mutation: You have a pair of small horns on your head.
                  | [potion of mutation]
 61813 | Zot:5    | Lost mutation: You are vulnerable to heat. (rF-) [potion of
                  | mutation]
 61813 | Zot:5    | Gained mutation: You expend magic power (3 MP) to
                  | strengthen your wands. [potion of mutation]
 61814 | Zot:5    | Lost mutation: You are very dopey. (Int -4) [potion of
                  | mutation]
 61814 | Zot:5    | Lost mutation: Armour fits poorly on your strangely shaped
                  | body. [potion of mutation]
 61814 | Zot:5    | Lost mutation: Your body sometimes deteriorates upon taking
                  | damage. [potion of mutation]
 61814 | Zot:5    | Gained mutation: You possess an exceptional clarity of
                  | mind. [potion of mutation]
 61814 | Zot:5    | Gained mutation: You are clumsy. (Dex -2) [potion of
                  | mutation]
 61815 | Zot:5    | Lost mutation: You are clumsy. (Dex -2) [potion of
                  | mutation]
 61815 | Zot:5    | Lost mutation: You expend magic power (3 MP) to strengthen
                  | your wands. [potion of mutation]
 61815 | Zot:5    | Lost mutation: You are occasionally teleported next to
                  | monsters. [potion of mutation]
 61815 | Zot:5    | Gained mutation: You sometimes lose the ability to drink
                  | potions when taking damage. [potion of mutation]
 61815 | Zot:5    | Gained mutation: You have a pair of small horns on your
                  | head. [potion of mutation]
 61816 | Zot:5    | Lost mutation: You have supernaturally acute eyesight.
                  | (SInv) [potion of mutation]
 61816 | Zot:5    | Lost mutation: You have a pair of small horns on your head.
                  | [potion of mutation]
 61816 | Zot:5    | Lost mutation: You possess an exceptional clarity of mind.
                  | [potion of mutation]
 61816 | Zot:5    | Lost mutation: You are dopey. (Int -2) [potion of mutation]
 61816 | Zot:5    | Gained mutation: Your muscles are strong. (Str +4, Int/Dex
                  | -1) [potion of mutation]
 61822 | Zot:5    | Acquired a book of Chaos
 61977 | Zot:5    | Got the Orb of Zot
 62039 | Zot:4    | Gained mutation: You occasionally lose the ability to read
                  | scrolls when taking damage. [a cacodemon]
 62041 | Zot:4    | Gained mutation: You are occasionally teleported next to
                  | monsters. [a cacodemon]
 62079 | Zot:3    | Reached skill level 21 in Spellcasting
 62086 | Zot:2    | Noticed Fewymuth the pandemonium lord
 62096 | Zot:2    | Killed Fewymuth the pandemonium lord
 62651 | D:$      | Escaped with the Orb!

Illustrated notes

Levels and vault maps discovered:
D:1:      psy_arrival_fountain, layout_basic
D:2:      layout_basic, basic_altar
D:3:      layout_rooms, lemuel_round_altar, elyvilon_altar_3,
          basic_ecumenical_altar, minmay_fountain_box,
          kennysheep_generic_room_12
D:4:      layout_rooms, serial_bayou, serial_bayou_ford_a, serial_bayou_pond_a,
          serial_bayou_shore_b, serial_bayou_shore_b
D:5:      layout_gridville, lemuel_crystal_altar, nicolae_ossuary_entry_giza
D:6:      layout_rooms, temple_fountains, uniq_grinder, uniq_pikel,
          uniq_blork_the_orc, uniq_crazy_yiuf_cottage
D:7:      layout_basic, nicolae_elemental_shop, kennysheep_windowed_goal,
          uniq_duvessa, uniq_menkaure
D:8:      layout_rooms, lemuel_coloured_pillars_altar,
          minmay_overflow_temple_hex, fedhas_altar_decomposition,
          mainiacjoe_overflow_two_lobes, mainiacjoe_overflow_24_doors,
          serial_shops, nicolae_diamond_shop
D:9:      layout_cross, eat_drink_and_be_merry_uskayaw,
          kennysheep_generic_room_13
D:10:     layout_basic, uniq_josephine
D:11:     kennysheep_spiral_hall, layout_basic, lair_entry_dummy, uniq_maurice,
          uniq_erica, uniq_erolcha, uniq_snorg
D:12:     layout_gridville, orc_0_dummy, enter_trove_2
D:13:     layout_stronghold, gauntlet_entry_generic
D:14:     layout_roguey, erik_vaults_2, wad_floor_pattern_untrapped
D:15:     gammafunk_enter_depths_forms, layout_loops_cross, wad_mini_maze
Temple:   hellmonk_temple_beads
Lair:1:   layout_cave_shapes, hangedman_tree_tricks, serial_bayou_shore_b,
          lemuel_fruit_tree
Lair:2:   layout_misc_corridors, elwin_shoals_entry_stream,
          guppyfry_snake_entry_garden, serial_bayou_shore_a, grunt_megastairs_3,
          infiniplex_staircase_pool, uniq_prince_ribbit2
Lair:3:   layout_layer_cave, lightli_volcano_entry_magma_tube,
          gammafunk_ghost_wrathful_warriors
Lair:4:   layout_cave_pods, slime_entry_1, beast_lair_carwin_9,
          grunt_megastairs_1, uniq_rupert
Lair:5:   hangedman_lair_caniforms_friends, layout_loops_ring, basic_altar
Shoals:1: layout_shoals, ebering_ghost_gozag, nicolae_shoals_lost_giant_hut,
          uniq_kirke, uniq_louise
Shoals:2: layout_shoals, gammafunk_ghost_grave, serial_shops, shop,
          nicolae_shoals_this_corrosion
Shoals:3: nzn_motion_control, layout_shoals, serial_shops, bzr_entry_safe,
          nicolae_shoals_undead_eyrie
Shoals:4: shoals_end_grunt_ice, layout_shoals,
          nicolae_shoals_beach_house_on_fowls_legs
Snake:1:  gammafunk_the_bubble [the_bubble_gammafunk_split], layout_chambers,
          uniq_aizul, uniq_roxanne, uniq_donald
Snake:2:  layout_layer_cave
Snake:3:  layout_cave_shapes, nicolae_snake_gridmaze_waves, drop_trap
Snake:4:  hellmonk_snake_rune_quicksilver_temple, layout_cave_town,
          serial_bayou_crossing, grunt_megastairs_2, serial_bayou_shore_b,
          uniq_nikola, uniq_vashnia
Orc:1:    layout_diamond_mine, serial_shops, nicolae_shop_window_shopping,
          minmay_shop_enchanted_jewellery
Orc:2:    st_orc_town, layout_diamond_mine
Elf:1:    layout_geoelf_octagon, kennysheep_underground_church
Elf:2:    nicolae_elf_blades_splatter_lattice
          [nicolae_blade_entry_hurt_lockers], layout_geoelf_octagon,
          serial_shops, nicolae_square_shop
Elf:3:    minmay_elf_hall_dome, layout_loops_cross,
          nicolae_elf_glass_and_crystal_pillar_1, david_defended_altar_elf,
          uniq_saint_roka, uniq_asterion
Vaults:1: portal_desolation_entry_nicolae_forbidding_blocks,
          nicolae_vaults_oval_intersection, nicolae_vaults_apartment_1,
          nicolae_vaults_alarming, nicolae_vaults_tetromino_T_1,
          nicolae_vaults_network_periphery, nicolae_vaults_tetromino_T_1,
          nicolae_vaults_surprise_closet, vaults_room_glass_cross,
          grunt_vaults_twisty, nicolae_vaults_house_3,
          hangedman_vaults_river_flow, layout_vaults_omnigrid, serial_shops,
          nicolae_square_shop
Vaults:2: advil_vaults_ghost_guards, nicolae_vaults_bisected_slash,
          nicolae_vaults_little_squares_3, minmay_crypt_entry_simple_sparse,
          vaults_dpeg_cross, nicolae_vaults_circle_grid_b,
          nicolae_vaults_tetromino_T_2, vaults_room_octagon,
          grunt_vaults_diagonal, nicolae_vaults_frosty_reception,
          layout_vaults_omnibox, uniq_margery, uniq_sojobo
Vaults:3: v_pattern_3, nicolae_vaults_closet_pinwheel_3, nicolae_vaults_two_Ls,
          v_alt_pattern_4, hangedman_vaults_restitches, v_alt_pattern_1,
          nicolae_vaults_museum, nicolae_vaults_mitosis,
          nicolae_vaults_mini_display_case, ontoclasm_vaults_fault,
          layout_vaults_ring
Vaults:4: minmay_guarded_unrand_secular_launcher, v_pattern_2,
          ontoclasm_vaults_idyll, nicolae_vaults_puzzle_piece,
          ontoclasm_vaults_ring_large, ontoclasm_vaults_ring_square,
          nicolae_vaults_little_squares_3, nicolae_vaults_tetromino_T_1,
          nicolae_vaults_storage_closets_3, nicolae_vaults_little_squares_3,
          layout_vaults_big_room
Vaults:5
Crypt:1:  layout_gridlike, library_closet, small_statue_intersection,
          grunt_crypt_arrival_webbed
Crypt:2:  layout_basic, small_chamber_with_monster, minivault_23,
          nicolae_crypt_stairs_room, roderic_lattice_octagonal_star
Crypt:3:  quadcrypt_mu
Depths:1: layout_gridlike, dk_noncrumbling_3, rand_demon_pan_entry_4,
          abyss_entry, hell_entry, grunt_ministairs_8, minmay_strange_pillars,
          minivault_16, nzn_hepliaklqana_mist_gate
Depths:2: nooodl_glass_maze, layout_basic, rand_demon_pan_entry_9, hell_entry,
          kiku_gazebo_pond_becter, minmay_misc_feat_room, vehumet_crystals,
          minmay_staircase_statues_hall_small, uniq_enchantress
Depths:3: minmay_the_grid_four_pointed_star_mashed
          [minmay_the_grid_triangle_9x9_checkered,
          minmay_the_grid_triangle_9x9_sparse_checkered,
          minmay_the_grid_triangle_9x9_longest,
          minmay_the_grid_triangle_9x9_subtriangle,
          minmay_the_grid_prize_inner_circle], layout_long_grid,
          enter_ziggurat_b, serial_rivers, chequers_serial_rivers_micro_a,
          chequers_serial_rivers_micro_d, chequers_serial_rivers_small_b,
          chequers_serial_rivers_micro_d, chequers_serial_rivers_micro_a,
          chequers_serial_rivers_small_a, lightli_enter_wizlab_magi_temple,
          hangedman_coc_ice_floe, abyss_entry_small_statue_room, serial_shops,
          nicolae_shop_tiny_real_fake_doors, good_gods_mini_temple,
          dispersion_dpeg
Depths:4: grunt_crosshair, layout_basic, nicolae_concentric_dashed_squares_mild,
          hell_entry, rand_demon_pan_entry_5, hex_tiny, minmay_misc_feat_square
Zot:1:    grunt_zot_stairs_mandelzot, layout_basic, st_stairs_6, uniq_tiamat
Zot:2:    ebering_klown_carousel, layout_onion
Zot:3:    gammafunk_dig_for_victory, layout_misc_corridors
Zot:4:    minmay_elemental_castle, layout_twisted_circle
Zot:5:    layout_gridlike

Skill      XL: |  1  2  3  4  5  6  7  8  9 10 11 12 13 14 15 16 17 18 19 20 21 22 23 24 25 26 27 |
---------------+----------------------------------------------------------------------------------+-----
Ranged Weapons | 6 8 9 10 11 12 14 15 16 17 19 20 | 20.0
Fighting       | 3 5 7 9 10 11 12 16 17 18 19 20 | 20.0
Dodging        | 4 5 6 9 11 14 | 14.0
Evocations     | 3 8 9 10 11 12 13 | 13.0
Armour         | 6 10 16 18 | 18.0
Spellcasting   | 1 2 5 7 8 9 13 16 20 21 | 21.5
Hexes          | 2 5 9 10 | 10.0
Stealth        | 4 7 8 10 12 | 12.0
Invocations    | 5 11 12 14 15 16 18 | 18.9
Translocations | 5 7 9 14 | 14.0
Transmutations | 4 6 8 10 | 10.0
Conjurations   | 7 8 |  8.0
Ice Magic      | 8 15 | 15.6
Air Magic      | 17 | 17.0

Action                     |  1- 3 |  4- 6 |  7- 9 | 10-12 | 13-15 | 16-18 | 19-21 | 22-24 | 25-27 || total
---------------------------+-------+-------+-------+-------+-------+-------+-------+-------+-------++-------
   Fire: Sling             |    70 |   188 |   165 |       |       |       |       |       |       ||   423
         Orcbow            |       |       |   144 |    91 |       |       |       |       |       ||   235
         Longbow           |       |       |       |   278 |   996 |  1213 |  1200 |  1689 |  2300 ||  7676
  Throw: Dart              |       |       |     2 |     4 |     3 |       |       |       |       ||     9
   Cast: Jinxbite          |       |       |       |     1 |       |       |       |       |       ||     1
         Dimensional Bulls |       |       |       |       |       |    10 |     9 |     9 |    24 ||    52
         Yara's Violent Un |       |       |       |       |       |     7 |    12 |    12 |     4 ||    35
         Anguish           |       |       |       |       |       |       |     1 |       |       ||     1
         Irradiate         |       |       |       |       |       |       |     3 |    22 |    39 ||    64
         Borgnjor's Vile C |       |       |       |       |       |       |       |     2 |       ||     2
         Blink             |       |       |       |       |       |       |       |     1 |       ||     1
         Ozocubu's Refrige |       |       |       |       |       |       |       |       |    17 ||    17
         Maxwell's Capacit |       |       |       |       |       |       |       |       |    19 ||    19
         Apportation       |       |       |       |       |       |       |       |       |     1 ||     1
 Invoke: Slouch            |       |       |       |       |       |     6 |     8 |     5 |     4 ||    23
         Step From Time    |       |       |       |       |       |     1 |       |       |     2 ||     3
Ability: Hop               |     1 |     4 |     5 |     7 |    13 |     4 |     9 |     8 |    16 ||    67
  Evoke: Wand              |       |     1 |     2 |     2 |     1 |     4 |     7 |       |     1 ||    18
         Box of beasts     |       |       |       |       |       |     1 |     1 |       |     1 ||     3
         Tin of tremorston |       |       |       |       |       |     1 |     4 |     2 |     2 ||     9
         Phantom mirror    |       |       |       |       |       |       |     2 |       |     1 ||     3
         Phial of floods   |       |       |       |       |       |       |     1 |       |       ||     1
         Lightning rod     |       |       |       |       |       |       |     1 |       |       ||     1
    Use: Scroll            |       |     8 |     3 |     4 |     7 |     9 |     6 |     3 |    12 ||    52
         Potion            |       |       |     1 |       |     2 |     2 |     1 |       |    10 ||    16
 Armour: Robe              |    12 |     8 |       |       |       |       |       |       |       ||    20
         Troll leather arm |       |    11 |    58 |    37 |    41 |       |       |       |       ||   147
         Scale mail        |       |       |       |       |   195 |       |       |       |       ||   195
         Ring mail         |       |       |       |       |    22 |   122 |   144 |    31 |       ||   319
         Acid dragon scale |       |       |       |       |       |       |       |   181 |   405 ||   586
  Dodge: Dodged            |    15 |    62 |    93 |    60 |   385 |   450 |   528 |   547 |   916 ||  3056
         Repelled          |       |       |       |       |       |    12 |    11 |     9 |       ||    32
  Block: Other             |       |       |       |       |       |       |    11 |    82 |   126 ||   219
         Reflection        |       |       |       |       |       |       |     3 |     3 |     3 ||     9

Table legend: (Time is in decaauts)
 A = Elapsed time spent in this place.
 B = Non-inter-level travel time spent in this place.
 C = Inter-level travel time spent in this place.
 D = Time resting spent in this place.
 E = Time spent auto-exploring this place.
 F = Levels seen in this place.
 G = Mean time per level.
                   A        B        C        D        E       F      G
               +--------+--------+--------+--------+--------+-----+--------+
         Total | 113842 |  99697 |  14145 |   2767 |  75731 |  57 | 1997.2 |
       Dungeon |  23564 |  18503 |   5061 |    161 |  14623 |  15 | 1570.9 |
        Temple |     88 |      2 |     86 |      0 |      0 |   1 |   88.0 |
          Lair |  12057 |  10462 |   1595 |    604 |   7846 |   5 | 2411.4 |
        Shoals |   8496 |   7476 |   1020 |     43 |   5803 |   4 | 2124.0 |
     Snake Pit |  10074 |   9116 |    958 |    377 |   7352 |   4 | 2518.5 |
  Orcish Mines |   3151 |   2604 |    547 |     98 |   1828 |   2 | 1575.5 |
   Elven Halls |   6089 |   5601 |    488 |     47 |   4513 |   3 | 2029.7 |
        Vaults |  15948 |  14155 |   1793 |    236 |  10914 |   5 | 3189.6 |
         Crypt |   5637 |   5392 |    245 |      0 |   4473 |   3 | 1879.0 |
        Depths |  10305 |   9057 |   1248 |    266 |   7127 |   4 | 2576.2 |
           Zot |  13379 |  12281 |   1098 |    703 |   9006 |   5 | 2675.8 |
        Bazaar |    455 |    455 |      0 |      0 |    259 |   1 |  455.0 |
       Ossuary |    315 |    315 |      0 |     21 |     53 |   1 |  315.0 |
       Volcano |    345 |    345 |      0 |     14 |     58 |   1 |  345.0 |
        Wizlab |   1081 |   1081 |      0 |      0 |    665 |   1 | 1081.0 |
    Desolation |   1658 |   1658 |      0 |    194 |    436 |   1 | 1658.0 |
      Gauntlet |   1193 |   1193 |      0 |      0 |    770 |   1 | 1193.0 |
               +--------+--------+--------+--------+--------+-----+--------+

Top non-repeatable levels by time:
   Zot:5: 5684 daAuts
Vaults:2: 4461 daAuts
Vaults:1: 3565 daAuts
  Lair:3: 3298 daAuts
 Crypt:3: 3027 daAuts
Vaults:5: 2953 daAuts
    D:15: 2889 daAuts
Depths:2: 2857 daAuts
Depths:3: 2829 daAuts
 Snake:1: 2733 daAuts
   Zot:1: 2648 daAuts
Depths:4: 2646 daAuts
Vaults:3: 2569 daAuts
  Lair:5: 2504 daAuts
   Zot:4: 2495 daAuts
